 Dungeon Crawl Stone Soup version 0.27.1-4-g1640c2035a (webtiles) character file.

Game seed: 4357680327153309517

2 tizbic2 the Magician (level 1, -1/15 HPs)
             Began as a Djinni Ice Elementalist on Nov 13, 2021.
             Slain by a giant cockroach (2 damage)
             ... on level 1 of the Dungeon.
             The game lasted 00:01:41 (194 turns).

tizbic2 the Magician (Djinni Ice Elementalist)       Turns: 194, Time: 00:01:41

Health: -1/15      AC:  3    Str:  7    XL:     1   Next: 44%
Gold:   0          EV: 11    Int: 16    God:
                   SH:  0    Dex: 13

rFire    + + .     SeeInvis .   (no weapon)
rCold    x . .     Faith    .   (no shield)
rNeg     . . .     Spirit   .   d - +0 leather armour
rPois    ∞         Reflect  .   (no helmet)
rElec    .         Harm     .   (no cloak)
rCorr    .         Rampage  .   (no gloves)
Will     .....                  (boots unavailable)
Stlth    ++........             (no amulet)
HPRegen  0.05/turn              (no ring)
MPRegen  0.00/turn              (no ring)

@: flying
A: sickness immunity, fire resistance 2, cold vulnerability 1, float, innate
caster, hp casting, extra vitality 1
a: no special abilities


You were on level 1 of the Dungeon.
You visited 1 branch of the dungeon, and saw 1 of its levels.

Inventory:

Armour
 d - a +0 leather armour (worn)
Scrolls
 b - a scroll of identify
Potions
 c - a potion of resistance {unknown}


   Skills:
 * Level 2.2 Dodging
 - Level 1.5 Stealth
 * Level 3.3 Spellcasting


You couldn't memorise any spells.
You knew the following spells:

 Your Spells              Type           Power      Damage    Failure   Level
a - Freeze                Ice            52%        1d7       7%          1
b - Frozen Ramparts       Ice            26%        1d4       21%         3
c - Ozocubu's Armour      Ice            13%        N/A       21%         3
d - Hailstorm             Conj/Ice       13%        3d5       56%         4
Your spell library was empty.

Dungeon Overview and Level Annotations

Branches:
Dungeon (1/15)

Altars:


Innate Abilities, Weirdness & Mutations

You are immune to sickness and miasma.
You are immune to poison.
Your flesh is very heat resistant. (rF++)
You are vulnerable to cold. (rC-)
You float through the air rather than walking.
You learn spells naturally, not from books.
Your magical power is your life essence.
You have superior vitality. (+4 HP)


Message History

You miscast Freeze.
You are very lightly contaminated with residual magic.
Nothing appears to happen.
* * * LOW HITPOINT WARNING * * *
The giant cockroach closely misses you.
There is an open door here.
The giant cockroach closely misses you.
The giant cockroach bites you but does no damage.
Your magical contamination has completely faded away.
Found a stone staircase leading down.
The giant cockroach barely misses you. The giant cockroach closely misses you.
Casting: Freeze (safe; 7% risk of failure)
Confirm with . or Enter, or press ? or * to list all spells.
Aiming: Freeze (safe; 7% risk of failure)
Press: ? - help, Shift-Dir - straight line, f/p - giant cockroach
Aim: a giant cockroach You freeze the giant cockroach.
The giant cockroach is almost dead.
* * * LOW HITPOINT WARNING * * *
The giant cockroach bites you but does no damage.
You hit the giant cockroach but do no damage.
The giant cockroach is almost dead.
The giant cockroach completely misses you.
You hit the giant cockroach but do no damage.
The giant cockroach is almost dead.
The giant cockroach misses you. The giant cockroach barely misses you.
You hit the giant cockroach but do no damage.
The giant cockroach is almost dead.
The giant cockroach bites you but does no damage.
You hit the giant cockroach but do no damage.
The giant cockroach is almost dead.
The giant cockroach closely misses you. The giant cockroach barely misses you.
You closely miss the giant cockroach.
The giant cockroach is almost dead.
The giant cockroach barely misses you. The giant cockroach misses you.
The giant cockroach bites you.
You die...

..........# #
########......##.####
..........[..........
......#######.##.####
####.## #....#
#.......# ♣..♣♣
#..#.# ##.......#
♣.♣.♣
#..#.#.##.......#
♣♣..♣
##.#.#.##.......#
♣>..♣♣
#.#@..##.......#
♣♣...♣
#.#B#.##.......#
♣♣...♣
♣#...#.##.......###..
♣.♣.♣♣ #....#.
#.......... ♣....♣♣
#....#. #..†.####..
♣..<..♣
#....#.####....#
♣♣....♣
#....#.........#
♣..♣♣♣
##....##.###....#
♣..♣. #........#
#....#


You could see a giant cockroach.

Vanquished Creatures
  A bat (D:1)
  A hobgoblin (D:1)
2 creatures vanquished.

Notes
Turn   | Place    | Note
-------+----------+-------------------------------------------
     0 | D:1      | tizbic2 the Djinni Ice Elementalist began the quest for the
                  | Orb.
     0 | D:1      | Reached XP level 1. HP: 15/15 MP: 0/0
   194 | D:1      | Slain by a giant cockroach

Illustrated notes

Levels and vault maps discovered:
D:1:      roderic_dead_forest, layout_basic, chequers_big_river,
          nrook_mini_vaults

Action                   || total
-------------------------++-------
Melee: Unarmed           ||    43
 Cast: Freeze            ||     4
  Use: Scroll            ||     1
Armor: Leather armour    ||    30
Dodge: Dodged            ||    47
